 Dungeon Crawl Stone Soup version 0.29.1-12-g30fa7ad0bf (webtiles) character file.

Game seed: 1800643492158007753

84 nachturnus the Chopper (level 4, -12/35 HPs)
             Began as a Human Monk on Jan 15, 2023.
             Mangled by a gnoll
             ... wielding a +0 halberd
              (13 damage)
             ... on level 2 of the Dungeon.
             The game lasted 00:05:09 (1683 turns).

nachturnus the Chopper (Human Monk)                 Turns: 1683, Time: 00:05:09

Health: -12/35     AC:  6    Str: 13    XL:     4   Next: 72%
Magic:  4/4        EV: 10    Int: 11    God:
Gold:   100        SH:  0    Dex: 15    Spells: 3/3 levels left

rFire   . . .      SeeInvis .   a - +0 hand axe
rCold   . . .      Faith    .   (no shield)
rNeg    . . .      Spirit   .   k - +0 scale mail
rPois   .          Reflect  .   (no helmet)
rElec   .          Harm     .   (no cloak)
rCorr   .          Rampage  .   (no gloves)
Will    .....                   (no boots)
Stlth   +.........              (no amulet)
HPRegen 0.11/turn               (no ring)
MPRegen 0.09/turn               (no ring)

@: no status effects
A: no striking features
a: no special abilities


You were on level 2 of the Dungeon.
You visited 1 branch of the dungeon, and saw 2 of its levels.

You collected 100 gold pieces.

Inventory:

Hand Weapons
 a - a +0 hand axe (weapon)
Armour
 b - a +0 robe
 k - a +0 scale mail (worn)
Scrolls
 d - a scroll of immolation {unknown}
Potions
 e - a potion of cancellation
 f - a potion of lignification {unknown}
 j - a potion of mutation {unknown}


   Skills:
 - Level 3.0 Fighting
 + Level 5.1 Axes
 - Level 3.0 Dodging
 - Level 2.0 Stealth


You had 3 spell levels left.
You didn't know any spells.
Your spell library contained the following spells:

 Spells                   Type           Power      Damage    Failure   Level
 Beastly Appendage        Tmut           0%         N/A       87%         1
 Wereblood                Tmut           0%         N/A       95%         2
 Spider Form              Tmut/Pois      0%         N/A       99%         3


Dungeon Overview and Level Annotations

Branches:
Dungeon (2/15)

Altars:


Message History

The gnoll is severely wounded.
You hit the gnoll but do no damage. The gnoll hits you but does no damage.
The gnoll misses you.
You bump into the rock wall.
The gnoll closely misses you. The gnoll misses you.
The gnoll barely misses you.
You barely miss the gnoll.
The gnoll is severely wounded.
You hit the gnoll.
You kill the gnoll!
You feel less invigorated.
You feel less confused. The gnoll barely misses you. x2
Your Axes skill increases to level 5!
You barely miss the gnoll.
The gnoll is severely wounded.
The gnoll hits you with a +0 flail. The gnoll barely misses you.
You hit the gnoll.
The gnoll is severely wounded.
The gnoll barely misses you. The gnoll closely misses you.
You hit the gnoll but do no damage.
The gnoll is severely wounded.
The gnoll hits you from afar with a +0 halberd.
The gnoll hits you but does no damage.
You barely miss the gnoll.
The gnoll is severely wounded.
The gnoll barely misses you. The gnoll completely misses you.
You closely miss the gnoll.
The gnoll is severely wounded.
The gnoll misses you. The gnoll hits you with a +0 flail.
You hit the gnoll.
You kill the gnoll!
The gnoll hits you from afar with a +0 halberd!
* * * LOW HITPOINT WARNING * * *
The gnoll hits you but does no damage.
Things that are here:
a +0 flail; a gnoll corpse; a frilled lizard corpse The gnoll attacks as you move away!
The gnoll hits you with a +0 halberd.
* * * LOW HITPOINT WARNING * * *
The gnoll hits you from afar with a +0 halberd!
You die...

#.###........#
#....)(......#
#####.......##
#...รท...#
#..##.######
#..........##
##.##.###.)g###.##
#.##.# #.)......#
#.##.# #..@####.#
#.##.# #####
#.##.# #.##..
#.####


You could see a gnoll.

Vanquished Creatures
  2 gnolls (D:2)
  2 adders (D:2)
  2 dart slugs (D:1)
  4 ball pythons
  A bat (D:1)
  4 endoplasms
  A giant cockroach (D:2)
  4 goblins (D:1)
  6 hobgoblins (D:1)
  4 jackals (D:1)
  A frilled lizard (D:2)
  4 kobolds
  4 rats (D:1)
39 creatures vanquished.

Notes
Turn   | Place    | Note
-------+----------+-------------------------------------------
     0 | D:1      | nachturnus the Human Monk began the quest for the Orb.
     0 | D:1      | Reached XP level 1. HP: 18/18 MP: 1/1
   180 | D:1      | Reached XP level 2. HP: 18/24 MP: 2/2
   562 | D:1      | Found a faded altar of an unknown god.
   731 | D:1      | Reached skill level 4 in Axes
   731 | D:1      | Reached XP level 3. HP: 25/29 MP: 3/3
  1323 | D:2      | Reached XP level 4. HP: 16/35 MP: 4/4
  1676 | D:2      | Reached skill level 5 in Axes
  1683 | D:2      | HP: 1/35 [gnoll/+0 halberd (4)]
  1683 | D:2      | Mangled by a gnoll

Illustrated notes

Levels and vault maps discovered:
D:1:      erik_arrival_orb_chamber, layout_rooms,
          shapermc_ecumenical_altar_notcrosses
D:2:      layout_loops_ring

Skill      XL: |  1  2  3  4 |
---------------+-------------+-----
Axes           | 4 5 |  5.1
Fighting       | |  3.0
Dodging        | |  3.0
Stealth        | |  2.0

Action                   |  1- 3 |  4- 6 || total
-------------------------+-------+-------++-------
Melee: Hand axe          |    78 |    30 ||   108
       Punch             |     1 |       ||     1
  Use: Scroll            |     4 |       ||     4
       Potion            |       |     1 ||     1
 Stab: Sleeping          |     1 |       ||     1
Armor: Robe              |     8 |       ||     8
       Scale mail        |    10 |    13 ||    23
Dodge: Dodged            |    55 |    28 ||    83
